 Dungeon Crawl Stone Soup version 0.24.0-37-gcf1ca852f1 (webtiles) character file.

Game seed: 2815476982988065870, levelgen mode: deterministic

39708 FishyPogo the Nimble (level 14, -6/111 HPs)
             Began as a Gnoll Monk on Dec 1, 2019.
             Was a Priest of Qazlal.
             Killed from afar by a rime drake (17 damage)
             ... with a flash freeze
             ... on level 5 of the Lair of Beasts.
             The game lasted 01:35:01 (15088 turns).

FishyPogo the Nimble (Gnoll Monk)                  Turns: 15088, Time: 01:35:02

Health: -6/111     AC: 14    Str: 15 (18) XL:     14   Next: 7%
Magic:  25/26      EV: 22    Int: 13 (14) God:    Qazlal [***...]
Gold:   971        SH: 16    Dex: 30 (31) Spells: 19/30 levels left

rFire    + . .     SeeInvis +   G - +7 rapier of Toqarr {drain, +Blink Str+3 Dex+2}
rCold    . . .     Gourm    .   D - +3 buckler
rNeg     + . .     Faith    .   I - +1 ring mail {MR+}
rPois    .         Spirit   .   z - +2 hat {SInv}
rElec    .         Reflect  .   r - +0 cloak
rCorr    .         Harm     .   W - +0 pair of gloves
MR       ++...                  P - +0 pair of boots
Stlth    +++.......             X - amulet of rage
HPRegen  0.28/turn              o - ring of Intercession {rN+ Dex+4}
MPRegen  0.20/turn              q - +5 ring of dexterity

@: no status effects
A: distributed training, fangs 1, fire resistance 1, screaming 1, strong nose
a: Upheaval, Elemental Force, Renounce Religion, Evoke Blink, Evoke Berserk Rage


You were on level 5 of the Lair of Beasts.
You worshipped Qazlal.
Qazlal was most pleased with you.
You were not hungry.

You visited 4 branches of the dungeon, and saw 19 of its levels.

You collected 971 gold pieces.

Inventory:

Hand Weapons
 a - a +0 falchion of electrocution
 w - a +2 quarterstaff of chaos
 G - the +7 rapier of Toqarr (weapon) {drain, +Blink Str+3 Dex+2}
   (You found it on level 1 of the Lair of Beasts)

   A truly terrible weapon, it drains the life of those it strikes.
   It affects your strength (+3).
   It affects your dexterity (+2).
   It lets you blink.
 O - the +2 whip of Poam {venom, MR+ Int-3 Dex+3 SInv}
   (You took it off an orc on level 5 of the Dungeon)

   It poisons the flesh of those it strikes.
   It affects your intelligence (-3).
   It affects your dexterity (+3).
   It affects your resistance to hostile enchantments.
   It lets you see invisible.
Missiles
 m - 20 poisoned darts
 v - 34 boomerangs (quivered)
 E - 4 throwing nets
 N - 11 javelins
Armour
 r - a +0 cloak (worn)
 z - a +2 hat of see invisible (worn)
 D - a +3 buckler (worn)
 I - a +1 ring mail of magic resistance (worn)
 P - a +0 pair of boots (worn)
 W - a +0 pair of gloves (worn)
Jewellery
 e - an uncursed ring of protection from cold
 h - a +2 ring of strength
 o - the ring of Intercession (left hand) {rN+ Dex+4}
   (You found it on level 5 of the Lair of Beasts)

   [ring of positive energy]

   It affects your dexterity (+4).
   It protects you from negative energy.
 q - a +5 ring of dexterity (right hand)
 X - an amulet of rage (around neck)
Wands
 b - a wand of flame (15)
 f - a wand of iceblast (11)
 y - a wand of polymorph (16)
 C - a wand of enslavement (17)
 J - a wand of disintegration (12)
 Z - a wand of paralysis (5)
Scrolls
 j - 2 scrolls of remove curse
 l - 7 scrolls of identify
 t - a scroll of fear
 B - a scroll of noise {unknown}
 H - a scroll of torment {unknown}
 K - a scroll of acquirement {unknown}
 M - 2 scrolls of teleportation
 Q - a scroll of silence {unknown}
 S - 3 scrolls of blinking
 Y - 2 scrolls of enchant weapon
Potions
 d - 4 potions of brilliance {unknown}
 i - 4 potions of curing
 k - 2 potions of berserk rage {unknown}
 n - 3 potions of heal wounds
 p - 2 potions of might
 s - 2 potions of cancellation {unknown}
 u - 2 potions of haste
 x - a potion of mutation
 A - a potion of resistance
 F - 4 potions of agility
 L - 2 potions of flight {unknown}
 R - 2 potions of degeneration
 V - a potion of experience {unknown}
Comestibles
 c - 29 rations


   Skills:
 + Level 10.8 Fighting
 + Level 8.7 Short Blades
 + Level 10.8 Long Blades
 + Level 8.7 Axes
 + Level 8.7 Maces & Flails
 + Level 8.7 Polearms
 + Level 8.7 Staves
 + Level 8.7 Slings
 + Level 8.7 Bows
 + Level 8.7 Crossbows
 + Level 8.7 Throwing
 + Level 8.7 Armour
 + Level 10.8 Dodging
 + Level 9.7 Stealth
 + Level 8.7 Shields
 + Level 8.7 Unarmed Combat
 + Level 8.7 Spellcasting
 + Level 7.2 Conjurations
 + Level 7.2 Hexes
 + Level 7.2 Charms
 + Level 7.2 Summonings
 + Level 7.2 Necromancy
 + Level 7.2 Translocations
 + Level 7.2 Transmutations
 + Level 7.2 Fire Magic
 + Level 7.2 Ice Magic
 + Level 7.2 Air Magic
 + Level 7.2 Earth Magic
 + Level 7.2 Poison Magic
 + Level 9.5 Invocations
 + Level 8.7 Evocations


You had 19 spell levels left.
You knew the following spells:

 Your Spells              Type           Power        Failure   Level  Hunger
a - Magic Dart            Conj           ###.         1%          1    None
c - Mephitic Cloud        Conj/Pois/Air  ###.....     3%          3    ##.....
j - Conjure Flame         Conj/Fire      ###.....     3%          3    ##.....
k - Iskenderun's Mystic   Conj           ###.....     11%         4    ####...

Your spell library contained the following spells:

 Spells                   Type           Power        Failure   Level  Hunger
 Blink                    Tloc           N/A          1%          2    None
 Call Imp                 Summ           ###.....     1%          2    None
 Searing Ray              Conj           ###...       1%          2    None
 Slow                     Hex            ###.....     1%          2    None
 Dazzling Spray           Conj/Hex       ###...       3%          3    ##.....
 Force Lance              Conj/Tloc      ###.....     11%         4    ####...
 Fulminant Prism          Conj/Hex       ###.......   11%         4    ####...


Dungeon Overview and Level Annotations

Branches:
Dungeon (11/15)            Temple (1/1) D:5            Lair (6/6) D:9
 Shoals (1/4) Lair:2       Spider (0/4) Lair:4        Slime (0/5) Lair:5
    Orc (0/2) D:10

Altars:
Ashenzari
Cheibriados
Dithmenos
Elyvilon
Fedhas
Gozag
Hepliaklqana
Kikubaaqudgha
Makhleb
Nemelex Xobeh
Okawaru
Qazlal
Ru
Sif Muna
Trog
Uskayaw
Vehumet
Wu Jian
Xom
Yredelemnul
Zin
The Shining One
Beogh

Shops:
D:5 !

Annotations:
D:6 2 transporters, infcreate's ghost, amateur DECj
Lair:4 1 runed translucent door, Delamore's ghost, journeyman HOFi


Innate Abilities, Weirdness & Mutations

Your experience applies equally to all skills.
You have very sharp teeth.
Your uncanny sense of smell can sniff out nearby items.
Your flesh is heat resistant. (rF+)
You occasionally shout uncontrollably at your foes.


Message History

You are encased in ice.
The rime drake is engulfed in freezing vapours.
The rime drake completely misses you.
A rime drake comes into view.
The rime drake is engulfed in freezing vapours.
You block the rime drake's attack. You block the rime drake's attack.
Found 5 large rocks.
The ice encasing you melts away.
You hear an angry hiss.
The rime drake breathes ice at you. The flash freeze hits you!
* * * LOW HITPOINT WARNING * * *
You are encased in ice.
You block the rime drake's attack. The ice encasing you melts away.
A rime drake comes into view.
The rime drake breathes ice at you. The flash freeze hits you!
You die...

**,,,* *,,,****,* *,,,,,,,,
*,,*,* ##,,,**,*,* *,,,,,,,,
**,*** #..*##*,,,* *,,,,,,,,
***,,,****#..##.##*,*****,,,,,,,,
,*,,,*,,,,#...,..#,,,,*,*,,,,,,,,
,,,,,,,,,,,......(,,,,,,,,,,,,,,,
,,,,,*,,*,,**..#.##,,*,,,,,,,,,,,
,,,,**,*******#.k.###**,,,,,,,,,,
,,,**,,,* #*####@☼..#**,,,,,,,*,,
,****,,***#P#.#§k.###*,,,*******,
*,*,,,,*,##...k§D## **,***** **
,,,,,,,,,........####**.**,,***
,**,,,,**##..###..P.#...,**,,,***
***,**,,,,#.#*#.........,,,,,,,,*
*****,,##*##* ##.†#.....,,,<,,,,,
,****,,#.#*####...##....,,,,,,,,*
,*,*,,,...##.....##*#...,,,,,,,,*


You could see a five-headed hydra and 3 rime drakes.

Vanquished Creatures
  Gastronok (D:9)
  5 hydras
  2 two-headed ogres
  2 unseen horrors (D:10)
  A deep elf mage (D:10)
  A cyclops (D:11)
  3 elephants (Lair:4)
  Maurice (D:9)
  2 black mambas
  A guardian serpent (D:10)
  A torpor snail (Lair:3)
  15 spiny frogs
  10 komodo dragons
  3 rime drakes
  4 trolls
  A polar bear (Lair:3)
  2 jumping spiders (Lair:4)
  2 tyrant leeches (D:11)
  8 dream sheep
  9 blink frogs
  9 hippogriffs
  Sigmund (D:5)
  27 yaks
  A wraith (D:10)
  2 spriggans
  A basilisk (Lair:4)
  2 hungry ghosts
  7 vampire mosquitoes
  Menkaure (D:7)
  Edmund (D:6)
  10 water moccasins
  5 porcupines
  Duvessa (D:6)
  A sky beast (D:5)
  13 orc warriors
  2 ice beasts
  2 black bears
  2 phantoms (D:10)
  5 centaurs
  3 necrophages
  5 ogres
  3 wolves
  3 crocodiles
  A big kobold (D:8)
  19 bullfrogs
  A gnoll sergeant (D:10)
  5 scorpions
  Dowan (D:6)
  2 howler monkeys
  5 crimson imps
  A quasit (D:11)
  A centaur zombie (D:10)
  A bullfrog zombie (D:5)
  Crazy Yiuf (D:2)
  A centaur skeleton (D:10)
  2 jellies
  3 bullfrog skeletons
  13 orc priests
  6 hounds
  3 iguanas
  11 orc wizards
  Ijyb (D:3)
  Natasha (thrice) (D:3)
  4 hell rats (Lair:4)
  5 worker ants
  A hound skeleton (D:8)
  A worker ant zombie (D:11)
  11 adders
  18 gnolls
  2 shadow imps
  An ooze (D:3)
  An adder zombie (D:8)
  2 adder skeletons
  3 worms
  3 dart slugs
  8 leopard geckos
  75 orcs
  3 giant cockroaches
  7 hobgoblins
  2 jackals (D:6)
  4 quokkas
  2 ball pythons
  8 bats
  2 frilled lizards (D:2)
  10 goblins
  2 jackal skeletons (D:5)
  10 kobolds
  4 rats
  A fungus (D:2)
  A plant (Lair:6)
453 creatures vanquished.

Vanquished Creatures (collateral kills)
  4 spiny frogs
  A freezing wraith (D:11)
  2 vampires (D:11)
  2 yaks (D:11)
  A water moccasin (Lair:5)
  3 centaurs (D:11)
  3 orcs (D:8)
16 creatures vanquished.

Vanquished Creatures (others)
  A vampire mosquito (D:11)
  A gnoll (D:11)
  11 fungi
  25 plants
38 creatures vanquished.

Grand Total: 507 creatures vanquished

Notes
Turn   | Place    | Note
-------+----------+-------------------------------------------
     0 | D:1      | FishyPogo the Gnoll Monk began the quest for the Orb.
     0 | D:1      | Reached XP level 1. HP: 23/23 MP: 1/1
   137 | D:3      | Noticed an orc wizard
   137 | D:3      | Noticed an orc priest
   258 | D:1      | Reached XP level 2. HP: 29/29 MP: 2/2
   299 | D:2      | Noticed a bullfrog
   588 | D:2      | Noticed a water elemental
   595 | D:2      | Found a stormy altar of Qazlal.
   596 | D:2      | Noticed a fire elemental
   599 | D:2      | Noticed an earth elemental
   599 | D:2      | Noticed an air elemental
   609 | D:2      | Became a worshipper of Qazlal Stormbringer
   609 | D:2      | Reached * piety under Qazlal
   609 | D:2      | Reached ** piety under Qazlal
   625 | D:2      | Killed a bullfrog
   625 | D:2      | Reached skill level 1 in Short Blades
   625 | D:2      | Reached skill level 1 in Axes
   625 | D:2      | Reached skill level 1 in Maces & Flails
   625 | D:2      | Reached skill level 1 in Polearms
   625 | D:2      | Reached skill level 1 in Staves
   625 | D:2      | Reached skill level 1 in Slings
   625 | D:2      | Reached skill level 1 in Bows
   625 | D:2      | Reached skill level 1 in Crossbows
   625 | D:2      | Reached skill level 1 in Throwing
   625 | D:2      | Reached skill level 1 in Armour
   625 | D:2      | Reached skill level 1 in Shields
   625 | D:2      | Reached skill level 1 in Unarmed Combat
   625 | D:2      | Reached skill level 1 in Spellcasting
   625 | D:2      | Reached skill level 1 in Invocations
   625 | D:2      | Reached skill level 1 in Evocations
   625 | D:2      | Reached XP level 3. HP: 26/35 MP: 2/4
   625 | D:2      | Reached XP level 4. HP: 31/41 MP: 2/5
   709 | D:2      | Found an iron altar of Okawaru.
   718 | D:2      | Reached skill level 1 in Conjurations
   718 | D:2      | Reached skill level 1 in Hexes
   718 | D:2      | Reached skill level 1 in Charms
   718 | D:2      | Reached skill level 1 in Summonings
   718 | D:2      | Reached skill level 1 in Necromancy
   718 | D:2      | Reached skill level 1 in Translocations
   718 | D:2      | Reached skill level 1 in Transmutations
   718 | D:2      | Reached skill level 1 in Fire Magic
   718 | D:2      | Reached skill level 1 in Ice Magic
   718 | D:2      | Reached skill level 1 in Air Magic
   718 | D:2      | Reached skill level 1 in Earth Magic
   718 | D:2      | Reached skill level 1 in Poison Magic
   927 | D:2      | Found a sacrificial altar of Ru.
   951 | D:2      | Reached XP level 5. HP: 40/47 MP: 6/6
  1201 | D:2      | Found a runed translucent door.
  1201 | D:2      | Noticed Crazy Yiuf
  1222 | D:2      | Killed Crazy Yiuf
  1403 | D:3      | Noticed Ijyb
  1443 | D:3      | Killed Ijyb
  1443 | D:3      | Reached XP level 6. HP: 39/53 MP: 8/8
  1488 | D:3      | Reached *** piety under Qazlal
  1698 | D:3      | Noticed Natasha
  1704 | D:3      | Killed Natasha
  1735 | D:3      | Noticed Natasha
  1742 | D:3      | Killed Natasha
  1790 | D:3      | Noticed Natasha
  1792 | D:3      | Killed Natasha
  2177 | D:3      | Found a hazy altar of Hepliaklqana.
  2303 | D:4      | Got a crude robe
  2314 | D:4      | Identified the +2 robe "Kyidido" {Str+4} (You found it on
                  | level 4 of the Dungeon)
  2420 | D:4      | Reached XP level 7. HP: 46/59 MP: 10/10
  3086 | D:4      | Found a sparkling altar of Nemelex Xobeh.
  3240 | D:4      | Paralysed by fainting for 8 turns
  3256 | D:4      | Paralysed by fainting for 12 turns
  3380 | D:5      | Entered Level 5 of the Dungeon
  3628 | D:5      | Reached skill level 5 in Stealth
  3666 | D:5      | Noticed Sigmund
  3672 | D:5      | Killed Sigmund
  3672 | D:5      | Reached XP level 8. HP: 62/67 MP: 12/12
  3718 | D:5      | Found a shadowy altar of Dithmenos.
  3719 | D:5      | Found an opulent altar of Gozag.
  3720 | D:5      | Found a blossoming altar of Fedhas.
  3928 | D:5      | Found Myubaes's Distillery.
  3935 | D:5      | Found a staircase to the Ecumenical Temple.
  3955 | D:5      | Learned a level 3 spell: Conjure Flame
  3956 | D:5      | Identified the cursed +2 whip of Poam {venom, MR+ Int-3
                  | Dex+3 SInv}
  3957 | Temple   | Entered the Ecumenical Temple
  4309 | D:5      | Reached XP level 9. HP: 64/72 MP: 14/14
  4314 | D:5      | Learned a level 3 spell: Mephitic Cloud
  4316 | D:5      | Learned a level 1 spell: Magic Dart
  4340 | D:5      | Found a burning altar of Makhleb.
  5383 | D:6      | Noticed Duvessa
  5384 | D:6      | Noticed Dowan
  5396 | D:6      | Killed Dowan
  5407 | D:6      | Killed Duvessa
  5514 | D:6      | Found a transporter.
  5515 | D:6      | Found a transporter.
  5516 | D:6      | Noticed infcreate's ghost (amateur DECj)
  5558 | D:6      | Noticed Edmund
  5579 | D:6      | Killed Edmund
  5579 | D:6      | Reached **** piety under Qazlal
  5840 | D:7      | Found a shimmering altar of Xom.
  5963 | D:7      | Noticed Menkaure
  5997 | D:7      | Killed Menkaure
  6011 | D:7      | Reached skill level 5 in Invocations
  6220 | D:7      | Reached XP level 10. HP: 72/80 MP: 10/17
  6704 | D:8      | Noticed a two-headed ogre
  6793 | D:8      | Reached skill level 5 in Short Blades
  6793 | D:8      | Reached skill level 5 in Axes
  6793 | D:8      | Reached skill level 5 in Maces & Flails
  6793 | D:8      | Reached skill level 5 in Polearms
  6793 | D:8      | Reached skill level 5 in Staves
  6793 | D:8      | Reached skill level 5 in Slings
  6793 | D:8      | Reached skill level 5 in Bows
  6793 | D:8      | Reached skill level 5 in Crossbows
  6793 | D:8      | Reached skill level 5 in Throwing
  6793 | D:8      | Reached skill level 5 in Armour
  6793 | D:8      | Reached skill level 5 in Shields
  6793 | D:8      | Reached skill level 5 in Unarmed Combat
  6793 | D:8      | Reached skill level 5 in Spellcasting
  6793 | D:8      | Reached skill level 5 in Evocations
  7023 | D:8      | Reached ***** piety under Qazlal
  7053 | D:8      | Killed a two-headed ogre
  7177 | D:8      | Found a bloodstained altar of Trog.
  7509 | D:8      | Found a white marble altar of Elyvilon.
  7638 | D:9      | Noticed Gastronok
  7662 | D:9      | Gained mutation: You occasionally shout uncontrollably at
                  | your foes. [potion of mutation]
  7662 | D:9      | Gained mutation: Your flesh is heat resistant. (rF+)
                  | [potion of mutation]
  7690 | D:9      | Killed Gastronok
  7690 | D:9      | Reached XP level 11. HP: 49/87 MP: 19/19
  7813 | D:9      | Noticed Maurice
  7821 | D:9      | Killed Maurice
  7995 | D:9      | Reached skill level 5 in Conjurations
  7995 | D:9      | Reached skill level 5 in Hexes
  7995 | D:9      | Reached skill level 5 in Charms
  7995 | D:9      | Reached skill level 5 in Summonings
  7995 | D:9      | Reached skill level 5 in Necromancy
  7995 | D:9      | Reached skill level 5 in Translocations
  7995 | D:9      | Reached skill level 5 in Transmutations
  7995 | D:9      | Reached skill level 5 in Fire Magic
  7995 | D:9      | Reached skill level 5 in Ice Magic
  7995 | D:9      | Reached skill level 5 in Air Magic
  7995 | D:9      | Reached skill level 5 in Earth Magic
  7995 | D:9      | Reached skill level 5 in Poison Magic
  8204 | D:9      | Found a staircase to the Lair.
  8503 | D:9      | Found a roughly hewn altar of Beogh.
  8889 | D:10     | Entered Level 10 of the Dungeon
  8975 | D:10     | Found a staircase to the Orcish Mines.
  8979 | D:10     | Noticed a two-headed ogre
  8999 | D:10     | Killed a two-headed ogre
  9085 | D:11     | Noticed a green ugly thing
  9203 | D:10     | Noticed an unseen horror
  9218 | D:10     | Killed an unseen horror
  9241 | D:10     | Noticed a deep elf mage
  9258 | D:10     | Killed a deep elf mage
  9271 | D:10     | Noticed an unseen horror
  9493 | D:10     | Killed an unseen horror
  9621 | D:10     | Reached XP level 12. HP: 52/96 MP: 15/22
 10083 | D:11     | Noticed a two-headed ogre
 10254 | D:11     | Noticed a death knight
 10742 | Lair:1   | Entered Level 1 of the Lair of Beasts
 10767 | Lair:1   | Noticed a five-headed hydra
 10780 | Lair:1   | Noticed a seven-headed hydra
 10785 | D:9      | Killed a five-headed hydra
 10801 | D:9      | Killed a seven-headed hydra
 11600 | Lair:1   | Got a polished rapier
 11638 | Lair:1   | Learned a level 4 spell: Iskenderun's Mystic Blast
 11808 | Lair:2   | Found a staircase to the Shoals.
 12076 | Lair:2   | Reached skill level 10 in Fighting
 12076 | Lair:2   | Reached skill level 10 in Long Blades
 12076 | Lair:2   | Reached skill level 10 in Dodging
 12693 | Shoals:1 | Entered Level 1 of the Shoals
 12882 | Lair:3   | Reached XP level 13. HP: 66/103 MP: 15/24
 13836 | Lair:3   | Identified the +7 rapier of Toqarr {drain, +Blink Str+3
                  | Dex+2} (You found it on level 1 of the Lair of Beasts)
 14298 | Lair:4   | Found a runed translucent door.
 14298 | Lair:4   | Noticed Delamore's ghost (journeyman HOFi)
 14429 | Lair:4   | Found a hole to the Spider Nest.
 14742 | Lair:4   | You fall into a shaft and drop 2 floors!
 14742 | Lair:6   | Entered Level 6 of the Lair of Beasts
 14788 | Lair:5   | Got a pitted glass ring
 14790 | Lair:5   | Identified the ring of Intercession {rN+ Dex+4} (You found
                  | it on level 5 of the Lair of Beasts)
 14951 | Lair:6   | Reached XP level 14. HP: 20/111 MP: 4/26
 15088 | Lair:5   | Killed from afar by a rime drake

Levels and vault maps discovered:
D:1:      wander_arrival_estate, layout_basic
D:2:      layout_basic, nicolae_qazlal_style_of_elements, okawaru_gym_becter,
          lemuel_doored_altar, uniq_crazy_yiuf_cottage
D:3:      cheibrodos_pilgrimage, layout_loops_ring,
          nicolae_overflow_hidden_temple, uniq_ijyb, uniq_natasha
D:4:      layout_layer_cave, lemuel_round_altar
D:5:      layout_layer_cave, chequers_temple_overflow_statue_of_worship,
          bloody_makhleb, minmay_temple_entry_offerings, serial_shops,
          shop_fountains, first_ration, uniq_sigmund
D:6:      layout_cave_pods, gammafunk_ghost_arena, uniq_duvessa, uniq_edmund
D:7:      layout_basic, old_standard_altar, uniq_menkaure
D:8:      layout_rooms, elyvilon_altar_3, bloody_trog, special_room
          [special_room_orc]
D:9:      layout_layer_cave, dpeg_oklobed_lair, special_room [special_room_orc],
          uniq_maurice, uniq_gastronok
D:10:     layout_rooms, orc_0_dummy, hangedman_stone_soup,
          minmay_misc_feat_encased, nrook_guardian_serpent_ordinary
D:11:     layout_irregular_city, corexii_corridor_pit,
          minmay_guarded_unrand_vampires_tooth
Temple:   cyrus_temple_forest
Lair:1:   layout_gridlike
Lair:2:   layout_regular_city, elwin_shoals_entry_rocks
Lair:3:   layout_chaotic_city, serial_bayou_pond_d, minmay_holes,
          grunt_forest_stairs_clearing
Lair:4:   layout_roguey, spider_nest_entry_a, ebering_ghost_reflecting_pool,
          grunt_megastairs_3
Lair:5:   layout_small_grid, slime_altar_2, hangedman_lair_unloving_vines,
          minmay_lair_drake_nest
Lair:6:   minmay_lair_end_frog_pond, layout_regular_city
Shoals:1: layout_shoals, nicolae_shoals_loop_pool

Skill      XL: |  1  2  3  4  5  6  7  8  9 10 11 12 13 |
---------------+----------------------------------------+-----
Short Blades   | 1 2 3 4 5 6 7 8 |  8.7
Axes           | 1 2 3 4 5 6 7 8 |  8.7
Maces & Flails | 1 2 3 4 5 6 7 8 |  8.7
Polearms       | 1 2 3 4 5 6 7 8 |  8.7
Staves         | 1 2 3 4 5 6 7 8 |  8.7
Slings         | 1 2 3 4 5 6 7 8 |  8.7
Bows           | 1 2 3 4 5 6 7 8 |  8.7
Crossbows      | 1 2 3 4 5 6 7 8 |  8.7
Throwing       | 1 2 3 4 5 6 7 8 |  8.7
Armour         | 1 2 3 4 5 6 7 8 |  8.7
Shields        | 1 2 3 4 5 6 7 8 |  8.7
Unarmed Combat | 1 2 3 4 5 6 7 8 |  8.7
Spellcasting   | 1 2 3 4 5 6 7 8 |  8.7
Invocations    | 1 2 3 4 5 6 7 8 9 |  9.5
Evocations     | 1 2 3 4 5 6 7 8 |  8.7
Conjurations   | 1 2 3 4 5 6 7 |  7.2
Hexes          | 1 2 3 4 5 6 7 |  7.2
Charms         | 1 2 3 4 5 6 7 |  7.2
Summonings     | 1 2 3 4 5 6 7 |  7.2
Necromancy     | 1 2 3 4 5 6 7 |  7.2
Translocations | 1 2 3 4 5 6 7 |  7.2
Transmutations | 1 2 3 4 5 6 7 |  7.2
Fire Magic     | 1 2 3 4 5 6 7 |  7.2
Ice Magic      | 1 2 3 4 5 6 7 |  7.2
Air Magic      | 1 2 3 4 5 6 7 |  7.2
Earth Magic    | 1 2 3 4 5 6 7 |  7.2
Poison Magic   | 1 2 3 4 5 6 7 |  7.2
Fighting       | 7 8 9 10 | 10.8
Long Blades    | 7 8 9 10 | 10.8
Dodging        | 7 8 9 10 | 10.8
Stealth        | 5 6 7 8 9 |  9.7

Action                   |  1- 3 |  4- 6 |  7- 9 | 10-12 | 13-15 || total
-------------------------+-------+-------+-------+-------+-------++-------
Melee: Falchion          |    48 |    68 |       |       |       ||   116
       Bite              |     2 |    16 |    51 |   246 |   106 ||   421
       Quarterstaff      |       |    92 |   131 |       |       ||   223
       Unarmed           |       |     4 |       |       |       ||     4
       Whip              |       |       |   141 |   954 |   363 ||  1458
       Punch             |       |       |     3 |    38 |       ||    41
       Rapier            |       |       |       |       |    23 ||    23
Throw: Stone             |       |     2 |     6 |       |       ||     8
       Dart              |       |       |     4 |     2 |       ||     6
       Boomerang         |       |       |       |     3 |     4 ||     7
 Cast: Magic Dart        |       |       |    22 |    69 |    53 ||   144
       Mephitic Cloud    |       |       |     8 |    46 |    42 ||    96
       Conjure Flame     |       |       |     7 |    12 |       ||    19
Invok: Upheaval          |       |       |     5 |     4 |       ||     9
       Elemental Force   |       |       |       |     5 |     4 ||     9
       Disaster Area     |       |       |       |     1 |     2 ||     3
 Abil: Evoke Blink       |       |       |       |       |     4 ||     4
  Use: Scroll            |     1 |     2 |       |    14 |     7 ||    24
       Potion            |       |     1 |     1 |     8 |     6 ||    16
 Stab: Sleeping          |     9 |       |       |       |       ||     9
       Petrified         |       |     2 |       |       |       ||     2
       Paralysed         |       |       |     3 |       |       ||     3
       Confused          |       |       |    11 |    38 |    51 ||   100
       Distracted        |       |       |       |     1 |       ||     1
  Eat: Chunk             |       |     5 |     7 |    28 |    11 ||    51
       Ration            |       |       |     2 |       |       ||     2
Armor: Robe              |    12 |    20 |    44 |    98 |       ||   174
       Ring mail         |       |       |       |    16 |    48 ||    64
Dodge: Dodged            |    40 |   105 |   234 |   769 |   215 ||  1363
       Deflected         |       |       |     4 |    14 |       ||    18
Block: Other             |     2 |    17 |    54 |   162 |       ||   235
       Buckler           |       |       |       |   183 |   331 ||   514
       Rpst.: Falchion   |    15 |     7 |       |       |       ||    22
